 Dungeon Crawl Stone Soup version 0.26.0-10-g1f06aea511 (webtiles) character file.

Game seed: 575994142427553698

375 MisterFreud the Conjurer (level 6, -3/41 HPs)
             Began as a Demonspawn Conjurer on Jan 29, 2021.
             Shot with an arrow by a centaur (8 damage)
             ... on level 4 of the Dungeon.
             The game lasted 00:08:32 (4770 turns).

MisterFreud the Conjurer (Demonspawn Conjurer)      Turns: 4770, Time: 00:08:32

Health: -3/41      AC:  3    Str:  8    XL:     6   Next: 44%
Magic:  5/9        EV: 12    Int: 21    God:
Gold:   127        SH:  0    Dex: 19    Spells: 4/9 levels left

rFire    . . .     SeeInvis .   H - +2 long sword "Rosug" {vorpal, Dex+8} (curse)
rCold    . . .     Faith    .   (no shield)
rNeg     . . .     Spirit   .   a - +0 robe
rPois    .         Reflect  .   p - +0 helmet
rElec    .         Harm     .   (no cloak)
rCorr    .         Rampage  .   (no gloves)
Will     .....                  (no boots)
Stlth    ++........             b - amulet of regeneration
HPRegen  0.53/turn              w - ring of wizardry
MPRegen  0.11/turn              t - +4 ring of slaying

@: no status effects
A: claws 1, powered by death 2
a: no special abilities


You were on level 4 of the Dungeon.
You visited 1 branch of the dungeon, and saw 4 of its levels.

You collected 127 gold pieces.

Inventory:

Hand Weapons
 c - a +0 short sword
 v - a +3 dagger
 C - a cursed -2 long sword
 H - the cursed +2 long sword "Rosug" (weapon) {vorpal, Dex+8}
   (You found it on level 4 of the Dungeon)

   It inflicts extra damage upon your enemies.
   It affects your dexterity (+8).
   It has a curse placed upon it.
Missiles
 f - 48 poisoned darts
 l - 10 boomerangs
 r - 4 atropa-tipped darts
Armour
 a - a +0 robe (worn)
 g - a +0 kite shield
 p - a +0 helmet (worn)
 y - a +0 buckler
Jewellery
 b - an amulet of regeneration (around neck)
 t - a +4 ring of slaying (right claw)
 w - a ring of wizardry (left claw)
 G - an uncursed ring of stealth {unknown}
Wands
 z - a wand of polymorph (6)
 A - a wand of flame (15)
Scrolls
 e - a scroll of magic mapping {unknown}
 h - 3 scrolls of remove curse {unknown}
 i - 4 scrolls of amnesia {unknown}
 k - 7 scrolls of identify {unknown}
 m - 2 scrolls of fear {unknown}
 n - 2 scrolls of noise {unknown}
 q - a scroll of blinking {unknown}
 s - 2 scrolls of enchant armour {unknown}
 x - 2 scrolls of teleportation {unknown}
 F - a scroll of immolation {unknown}
Potions
 d - 7 potions of curing {unknown}
 j - a potion of attraction {unknown}
 o - 3 potions of flight {unknown}
 u - a potion of heal wounds {unknown}
 B - 2 potions of brilliance {unknown}
 D - 3 potions of degeneration {unknown}
 E - a potion of resistance {unknown}
 I - 2 potions of lignification {unknown}


   Skills:
 - Level 1.7 Dodging
 - Level 1.7 Stealth
 + Level 3.6 Shields
 - Level 2.0 Spellcasting
 - Level 6.0 Conjurations
 + Level 2.2 Hexes


You had 4 spell levels left.
You knew the following spells:

 Your Spells              Type           Power        Failure   Level
a - Magic Dart            Conj           100%         1%          1
b - Fulminant Prism       Conj/Hex       9%           11%         4

Your spell library contained the following spells:

 Spells                   Type           Power        Failure   Level
 Searing Ray              Conj           54%          1%          2
 Corona                   Hex            12%          2%          1
 Dazzling Flash           Conj/Hex       38%          3%          3
 Animate Skeleton         Necr           4%           6%          1
 Apportation              Tloc           4%           6%          1
 Summon Small Mammal      Summ           8%           6%          1
 Iskenderun's Mystic Bla  Conj/Tloc      14%          16%         4


Dungeon Overview and Level Annotations

Branches:
Dungeon (4/15)
 Temple: D:4-7

Altars:
Ashenzari
Makhleb
Ru
Wu Jian
Xom

Annotations:
D:4 2 transporters, monkeyman's ghost, novice GrEE


Innate Abilities, Weirdness & Mutations

You have sharp fingernails.
You regenerate health from kills.


Message History

A centaur is nearby!
Casting: Magic Dart (safe; 1% risk of failure)
Confirm with . or Enter, or press ? or * to list all spells.
The spell is quite dangerous to cast (11% risk of failure)!
Continue anyway? [Y]es or [N]o only, please.
The spell is quite dangerous to cast (11% risk of failure)!
Continue anyway?
Okay, then.
Unknown command.
Casting: Fulminant Prism (quite dangerous; 11% risk of failure)
Confirm with . or Enter, or press ? or * to list all spells.
The spell is quite dangerous to cast (11% risk of failure)!
Continue anyway?
Aiming: Fulminant Prism (quite dangerous; 11% risk of failure)
Press: ? - help, Dir - move target, p - centaur You conjure a prism of explosive energy!
A fulminant prism comes into view.
The centaur shoots an arrow.
The arrow hits you! The arrow burns you.
The centaur shoots an arrow.
The arrow hits you!
* * * LOW HITPOINT WARNING * * *
The arrow burns you!
You die...

........# #.##...# #........#
#.##...# #...c....# #.#8...⌠
#........## #.##...# #
#.........# #.##...# #
#.........# #####.##...# #
#.........## #####.....#8...8 ##
#..........###.....######...#
.####........#.#@..##### #....
.............c.(......# #######.#
......####©###..#####.###..#.[#.#
#.##### ###W##*.# #...##...)#.#
..#55. .....##.#####..#....##.#
.##...# #.?..#.##.....##.#.#..#
.#...... .##.5#....#...#..####(#
.#..##..©..#5.)#........#'##.#..#
.#.....#.....#.##.....###.......#


You could see a centaur and a friendly fulminant prism.

Vanquished Creatures
  An ogre (D:4)
  A hound (D:3)
  A centaur skeleton (D:4)
  2 worker ants (D:4)
  A hound skeleton (D:4)
  3 adders (D:3)
  3 gnolls
  An ooze (D:4)
  2 dart slugs
  4 leopard geckos (D:1)
  5 orcs
  5 bats
  7 giant cockroaches
  13 goblins
  3 hobgoblins
  11 jackals
  14 kobolds
  3 quokkas
  A ball python (D:2)
  5 frilled lizards
  A leopard gecko skeleton (D:4)
  15 rats
102 creatures vanquished.

Vanquished Creatures (others)
  3 plants
3 creatures vanquished.

Grand Total: 105 creatures vanquished

Notes
Turn   | Place    | Note
-------+----------+-------------------------------------------
     0 | D:1      | MisterFreud the Demonspawn Conjurer began the quest for the
                  | Orb.
     0 | D:1      | Reached XP level 1. HP: 13/13 MP: 3/3
   345 | D:1      | Gained mutation: You have sharp fingernails. [demonic
                  | ancestry]
   345 | D:1      | Reached XP level 2. HP: 19/19 MP: 0/5
   720 | D:1      | Reached skill level 5 in Conjurations
   755 | D:1      | Gained mutation: You regenerate a little health from kills.
                  | [demonic ancestry]
   755 | D:1      | Reached XP level 3. HP: 24/24 MP: 2/6
  2275 | D:2      | Found a shimmering altar of Xom.
  2285 | D:2      | Found a burning altar of Makhleb.
  2543 | D:3      | Reached XP level 4. HP: 30/30 MP: 5/7
  2630 | D:3      | Found a burning altar of Makhleb.
  3072 | D:3      | Reached skill level 1 in Shields
  3497 | D:3      | Found an ornate altar of the Wu Jian Council.
  3811 | D:4      | Found a sacrificial altar of Ru.
  3811 | D:4      | Found a broken altar of Ashenzari.
  3811 | D:4      | Noticed a phantom
  3816 | D:3      | Reached skill level 6 in Conjurations
  3821 | D:3      | Reached XP level 5. HP: 22/35 MP: 0/8
  4071 | D:4      | Found a transporter.
  4072 | D:4      | Noticed monkeyman's ghost (novice GrEE)
  4094 | D:4      | Learned a level 4 spell: Fulminant Prism
  4143 | D:4      | Noticed an ogre
  4151 | D:4      | Killed an ogre
  4152 | D:4      | Reached skill level 1 in Hexes
  4152 | D:4      | Gained mutation: You regenerate health from kills. [demonic
                  | ancestry]
  4152 | D:4      | Reached XP level 6. HP: 41/41 MP: 5/9
  4260 | D:4      | Found a transporter.
  4337 | D:4      | Got a jewelled long sword
  4467 | D:4      | Identified the cursed +2 long sword "Rosug" {vorpal, Dex+8}
                  | (You found it on level 4 of the Dungeon)
  4770 | D:4      | Shot with an arrow by a centaur

Illustrated notes

Levels and vault maps discovered:
D:1:      denvon_arrival_planthouse, layout_basic, serial_bayou,
          serial_bayou_lagoon_a, serial_bayou_shore_b, serial_bayou_pond_b,
          serial_bayou_pond_b
D:2:      layout_loops_ring, amethyst_overflow_temple_binary,
          kennysheep_small_spiral, corexii_leaking_fountain, grunt_ministairs_1
D:3:      layout_basic, marbit_many_paths, serial_curves, eino_curves_01,
          eino_curves_04, hangedman_decor_opposing, corexii_shack,
          bloody_makhleb
D:4:      minmay_wonky_spiral, layout_rooms, eat_drink_and_be_merry_uskayaw,
          grunt_temple_overflow_open, gammafunk_ghost_stat_death,
          serial_corexii_hall, corexii_hall_statues_l, chequers_hall_statues_y,
          corexii_hall_statues_x, corexii_hall_statues_i,
          corexii_hall_statues_deadend, corexii_hall_statues_u

Skill      XL: |  1  2  3  4  5  6 |
---------------+-------------------+-----
Conjurations   | 5 6 |  6.0
Shields        | 1 3 |  3.6
Hexes          | 1 2 |  2.2
Dodging        | |  1.7
Stealth        | |  1.7
Spellcasting   | |  2.0

Action                   |  1- 3 |  4- 6 || total
-------------------------+-------+-------++-------
Melee: Short sword       |    35 |       ||    35
       Dagger            |       |    20 ||    20
 Cast: Magic Dart        |    90 |   115 ||   205
       Fulminant Prism   |       |     1 ||     1
Armor: Robe              |     9 |    11 ||    20
Dodge: Dodged            |    34 |    35 ||    69
